 Dungeon Crawl Stone Soup version 0.17.2-1-ge4368a0 (webtiles) character file.

114 Esperanza the Insei (level 4, 0/35 HPs)
             Began as a Mummy Monk on Apr 24, 2017.
             Slain by a worker ant (1 damage)
             ... on level 4 of the Dungeon.
             The game lasted 00:04:13 (3179 turns).

Esperanza the Insei (Mummy Monk)                    Turns: 3179, Time: 00:04:13

Health: 0/35       AC:  3    Str: 14    XL:     4   Next: 67%
Magic:  4/4        EV: 13    Int:  9    God:
Gold:   163        SH:  0    Dex: 18    Spells: 0 memorised, 3 levels left

rFire  x . .     SeeInvis .       - Unarmed
rCold  + . .     Clarity  .     (no armour)
rNeg   + + +     SustAt   .     (no shield)
rPois  ∞         Gourm    .     j - +2 helmet
rElec  .         Spirit   .     (no cloak)
rCorr  .         Warding  .     (no gloves)
rMut   .         Stasis   .     (no boots)
MR     .....                    (no amulet)
Stlth  ++........               e - +3 ring of dexterity
                                (no ring)

@: not resistant to hostile enchantments, unstealthy
A: no food or potions, fire vulnerability, cold resistance 1, negative energy
resistance 3, torment resistance, unbreathing
a: no special abilities


You were on level 4 of the Dungeon.
You were not hungry.

You visited 1 branch of the dungeon, and saw 4 of its levels.

You collected 163 gold pieces.


Innate Abilities, Weirdness & Mutations

You do not eat or drink.
Your flesh is vulnerable to fire.
You are immune to poison.
Your flesh is cold resistant.
You are immune to negative energy.
You are immune to unholy pain and torment.
You can survive without breathing.


   Skills:
 + Level 3.1 Fighting
 - Level 2.4 Dodging
 - Level 1.5 Stealth
 - Level 5.0 Unarmed Combat


You had 3 spell levels left.
You didn't know any spells.

Inventory:

Armour
 c - a +1 helmet
 i - a +1 hat
 j - a +2 helmet (worn)
Jewellery
 e - a +3 ring of dexterity (right hand)
Scrolls
 a - a scroll of fear
 b - a scroll of noise {!r}
 d - 2 scrolls of amnesia
 f - a scroll of enchant weapon
 g - a scroll of immolation {!r}
 h - a scroll of remove curse

Dungeon Overview and Level Annotations

Branches:
Dungeon (4/15)
 Temple: D:4-7

Altars:
Sif Muna
The Shining One

Annotations:
D:2 exclusion: downstairs

............▒
............▒
.......£....▒
............▒
............▒
............▒
............▒
......BM....▒
............▒
..!.........▒
..........<.▒
.......▒▒▒▒▒▒
.......
.......
....... .....


You could see a worker ant.


Message History

The worker ant barely misses you!
You take 5 damage, and have 5/35 hp!
You squash the worker ant but do no damage!
The worker ant is heavily wounded!
The worker ant misses you!
You closely miss the worker ant!
You punch the worker ant, but do no damage!
The worker ant is heavily wounded!
The worker ant completely misses you!
You barely miss the worker ant!
The worker ant is heavily wounded!
The worker ant bites you but does no damage!
You squash the worker ant but do no damage!
The worker ant is heavily wounded!
The worker ant waves its antennae!
The worker ant bites you! * * * don't die
* * * You take 1 damage, and have 5/35 hp!
You squash the worker ant like the proverbial ant!
The worker ant is severely wounded!
The worker ant bites you! * * * don't die
* * * You take 4 damage, and have 1/35 hp!
You squash the worker ant like the proverbial ant!
The worker ant is almost dead!
The worker ant misses you!
You closely miss the worker ant!
The worker ant is almost dead!
The worker ant bites you! rip

Action                   |  1- 3 |  4- 6 || total
-------------------------+-------+-------++-------
Melee: Unarmed           |   168 |    83 ||   251
  Use: Scroll            |       |     8 ||     8
 Stab: Sleeping          |     3 |     3 ||     6

Vault maps used:
D:1:      dpeg_arrival_morbid_curiosity, minmay_misc_feat_doors
D:2:      overflow_temple_1_default
D:3:      tso_metal_star
D:4:      nicolae_overflow_crystal_walls, nemelex_deck

Notes
Turn   | Place    | Note
--------------------------------------------------------------
     0 | D:1      | Esperanza the Mummy Monk began the quest for the Orb.
     0 | D:1      | Reached XP level 1. HP: 18/18 MP: 1/1
   319 | D:1      | Reached XP level 2. HP: 18/24 MP: 2/2
   557 | D:1      | You fall through a shaft!
   656 | D:2      | HP: 2/24 [adder (5)]
   659 | D:2      | Reached skill level 4 in Unarmed Combat
  1059 | D:2      | Reached XP level 3. HP: 26/29 MP: 3/3
  2048 | D:2      | Reached XP level 4. HP: 32/35 MP: 4/4
  2129 | D:2      | Found a deep blue altar of Sif Muna.
  2617 | D:3      | Reached skill level 5 in Unarmed Combat
  2768 | D:3      | Found a glowing golden altar of the Shining One.
  3177 | D:4      | HP: 1/35 [worker ant (4)]
  3179 | D:4      | Slain by a worker ant

Vanquished Creatures
  A gnoll (D:1)
  4 adders
  3 giant geckos
  An orc (D:3)
  A giant cockroach (D:1)
  11 hobgoblins
  A jackal (D:1)
  6 bats
  2 giant newts
  10 goblins
  19 kobolds
  5 rats (D:1)
64 creatures vanquished.
